Unix NetHack Version 5.0.0-0 post-release - last build May 17 2026 04:57:42 (dc50c8380fa5e20985bfe3072449f57b8d9895ef,branch:main).

Game began 2026-05-18 00:09:17, ended 2026-05-18 00:23:46.

Brudee, lawful male human Monk

                                            -----------       ------
                                            |.........|       |....|
                                          ##-...>.....|       |....|
            -----       ----------------  # |.........|      #.....|
            |....#######-.............`|  # -----.-----      #|.....#
  ------    |...|       |..............|  #      #####       #------#
  |..<.|   #....|       |..............| ##          #     ###      #
  |....| ###-----       -------.--------##           ###   #        #
  |....| #                     #      ###           #####  #        #
  |....-##                     #     ##            ----.-.-#        #
  ------                      ##     #             |......|#        #
                           ---.----- #             |......-#        #
                           |........##             |......|         #
                           |.......|               --------         #------
                           |.......|                                #|.Go.|
                           ---------                                #-@)Go|
                                                                     |(hG.|
                                                                     ------

Brudee the Novice               St:18 Dx:11 Co:12 In:11 Wi:12 Ch:11  Lawful S:919
Dlvl:7  $:237 HP:0(36) Pw:21(21) AC:4  Xp:4/93 T:1174 

Latest messages:
 $ - 55 gold pieces (237 in total).
 That door is closed.
 That door is closed.
 The door opens.
 You enter an opulent throne room!
 The gnome wakes up!
 The gnome wields a crossbow!
 You kill the hobgoblin!
 Welcome to experience level 4.
 You hit the gnome lord!
 The gnome lord wakes up!
 The gnome lord screams!
 The hobgoblin wakes up.
 The hobgoblin wakes up.
 The hobgoblin wakes up.
 The gnome wakes up.
 The hobgoblin wakes up.
 The dwarf king wakes up.
 The hobgoblin picks up an orcish dagger.
 The dwarf king wields a mace!
 The mace welds itself to the dwarf king's hand!
 The dwarf king swings his mace.
 The dwarf king hits!
 You kill the hobgoblin!
 The hobgoblin wields a curved sword!
 The curved sword welds itself to the hobgoblin's hand!
 The gnome lord wields a thonged club!
 The gnome lord secures the tether on the thonged club.
 You hit the dwarf king!
 The gnome wields 4 daggers!
 The hobgoblin picks up an orcish helm.
 The gnome lord swings his thonged club.
 The gnome lord hits!
 You hit the dwarf king!
 You hit the dwarf king!
 The gnome shoots 2 crossbow bolts!
 The 1st crossbow bolt misses the hobgoblin.
 You are almost hit by the 1st crossbow bolt.
 The 2nd crossbow bolt hits the hobgoblin.
 The hobgoblin is killed!
 The hobgoblin wields a curved sword!
 The gnome lord swings his thonged club.
 The gnome lord hits!
 The dwarf king swings his mace.
 The dwarf king hits!
 The dwarf king swings his mace.
 The dwarf king hits again!
 You die...
 Do you want your possessions identified? [ynq] (y) y
 Do you want to see your attributes? [ynq] (y) q

Inventory:
 Coins    ('$')
  $ - 237 gold pieces
 Weapons  (')')
  o - a +0 orcish dagger
 Armor    ('[')
  a - an uncursed +2 pair of leather gloves (being worn)
  B - a blessed +0 shield of drain resistance
  b - an uncursed +1 robe (being worn)
 Comestibles  ('%')
  f - 2 uncursed food rations
  i - 4 uncursed fortune cookies
  I - an uncursed lembas wafer
  n - an uncursed lichen corpse
 Scrolls  ('?')
  w - an uncursed scroll of enchant weapon
  N - an uncursed scroll of gold detection
  C - an uncursed scroll of remove curse
  c - an uncursed scroll of teleportation
 Spellbooks  ('+')
  s - an uncursed spellbook of healing
  z - an uncursed spellbook of healing
 Potions  ('!')
  O - an uncursed potion of extra healing
  A - a cursed potion of gain energy
  e - a blessed potion of healing
  d - 3 uncursed potions of healing
  P - a blessed potion of oil
  u - a blessed potion of restore ability
  E - an uncursed potion of water
 Rings    ('=')
  x - an uncursed ring of free action
 Tools    ('(')
  F - an empty uncursed sack
  k - a magic marker (0:22)
 Gems/Stones  ('*')
  m - an uncursed worthless piece of black glass (in quiver pouch)

Brudee the Monk's attributes:

Background:
 You were a Novice, a level 4 male human Monk.
 You were lawful, on a mission for Shan Lai Ching
 who was opposed by Chih Sung-tzu (neutral) and Huan Ti (chaotic).
 You were right-handed.
 You were in the Dungeons of Doom, on level 7.
 You entered the dungeon 1174 turns ago.
 It was the midnight hour.
 There was a new moon in effect when your adventure ended.
 You had 93 experience points, 67 more were needed to attain level 5.
 Your score was 919 before end-of-game adjustments.

Basics:
 You had 0 out of 36 hit points.
 You had all 21 energy points (spell power).
 Your armor class was 4.
 Your wallet contained 237 zorkmids.
 Autopickup was on for '$!=+?/"' plus thrown.

Final Characteristics:
 Your strength was 18 (limit:18/100).
 Your dexterity was 11 (limit:18).
 Your constitution was 12 (limit:18).
 Your intelligence was 11 (limit:18).
 Your wisdom was 12 (limit:18).
 Your charisma was 11 (limit:18).

Final Status:
 You weren't hungry.
 You were unencumbered.
 You were empty handed.
 You had basic skill with martial arts.

Final Attributes:
 You were devoutly aligned.
 You were sleep resistant.
 You were poison resistant.
 You saw invisible.
 You were guarded.
 Your spell casting was enhanced by wearing a robe.
 You were fast.
 You are dead.

Miscellaneous:
 You didn't encounter any bones levels.
 Total elapsed playing time was 14 minutes and 28 seconds.

Major events:
 Turn
    1: Brudee the lawful male human Monk entered the dungeon
  903: attained the rank of Novice (level 3)
 1174: killed by a dwarf king

Spells:
 Name                 Level Category     Fail Retention
 healing                1   healing        0%  91%-100%

Skills:
 Fighting Skills
   martial arts       [Basic]
 Weapon Skills
   quarterstaff       [Unskilled]
   spear              [Unskilled]
   crossbow           [Unskilled]
   shuriken           [Unskilled]
 Spellcasting Skills
   attack spells      [Unskilled]
   healing spells     [Basic]
   divination spells  [Unskilled]
   enchantment spells [Unskilled]
   clerical spells    [Unskilled]
   escape spells      [Unskilled]
   matter spells      [Unskilled]

Voluntary challenges:
 Character rerolling was not enabled.
 You followed a strict vegan diet.
 You never genocided any monsters.
 You never polymorphed an object.
 You never changed form.
 You used no wishes.
Achievements:
 You entered a shop.
 You attained the rank of Novice.

 The Dungeons of Doom: levels 1 to 7
    Level 1:
       A fountain.
    Level 2:
       A scroll shop, a fountain.
    Level 3:
    Level 4:
    Level 5:
       A general store, some altars.
    Level 6:
    Level 7: <- You were here.
       A throne.
       Final resting place for
          you, killed by a dwarf king.


Vanquished creatures:
  a gray ooze
  a floating eye
  a homunculus
  a kobold leader
  a dwarf zombie
 an iguana
  3 hobgoblins
  a cave spider
  2 geckos
  a fox
  a goblin
  a sewer rat
  3 grid bugs
  a lichen
  2 newts
21 creatures vanquished.

No species were genocided or became extinct.

Game over:
                       ----------
                      /          \
                     /    REST    \
                    /      IN      \
                   /     PEACE      \
                  /                  \
                  |      Brudee      |
                  |      237 Au      |
                  |   killed by a    |
                  |    dwarf king    |
                  |                  |
                  |                  |
                  |       2026       |
                 *|     *  *  *      | *
        _________)/\\_//(\/(/\)/\//\/|_)_______

Goodbye Brudee the Monk...

You died in The Dungeons of Doom on dungeon level 7 with 896 points,
and 237 pieces of gold, after 1174 moves.
You were level 4 with a maximum of 36 hit points when you died.

